 Dungeon Crawl Stone Soup version 0.22.1-1-ga44c0e5 (webtiles) character file.

679 Fang the Chopper (level 7, -4/44 HPs)
             Began as a Gargoyle Berserker on Sept 20, 2018.
             Was a Priest of Trog.
             Slain by a bullfrog (5 damage)
             ... in a sewer.
             The game lasted 00:04:13 (3808 turns).

Fang the Chopper (Gargoyle Berserker)               Turns: 3808, Time: 00:04:14

Health: -4/44      AC:  8    Str: 23    XL:     7   Next: 60%
Magic:  16/16      EV: 12    Int:  7    God:    Trog [***...]
Gold:   169        SH:  0    Dex:  9    Spells: 6/6 levels left

rFire    . . .     SeeInvis .   a - +1 hand axe
rCold    . . .     Gourm    .   (no shield)
rNeg     + . .     Faith    .   b - +1 animal skin
rPois    ∞         Spirit   .   (no helmet)
rElec    +         Reflect  .   (no cloak)
rCorr    +         Harm     .   (no gloves)
MR       .....                  (no boots)
Stlth    +.........             s - amulet of the acrobat
HPRegen  0.14/turn              u - ring of resist corrosion
MPRegen  0.15/turn              m - ring of magical power

@: berserk cooldown, slowed, very slow
A: negative energy resistance 1, electricity resistance, unbreathing,
petrification resistance, rot immunity, AC +4
a: Berserk, Trog's Hand, Renounce Religion


You were in a sewer.
You worshipped Trog.
Trog was most pleased with you.
You were hungry.

You visited 1 branch of the dungeon, and saw 4 of its levels.
You also visited: Sewer.

You collected 169 gold pieces.

Inventory:

Hand Weapons
 a - a +1 hand axe (weapon)
Armour
 b - a +1 animal skin (worn)
Jewellery
 m - a ring of magical power (right hand)
 s - an amulet of the acrobat (around neck)
 u - a ring of resist corrosion (left hand)
Wands
 p - a wand of random effects (17)
 w - a wand of polymorph (13)
 z - a wand of clouds (4)
Scrolls
 d - a scroll of remove curse
 f - 4 scrolls of identify
 g - a scroll of enchant armour
 j - a scroll of teleportation
Potions
 e - a potion of cancellation {unknown}
 h - 2 potions of invisibility {unknown}
 i - a potion of might {unknown}
 k - 3 potions of heal wounds
 l - a potion of brilliance {unknown}
 o - 3 potions of curing {unknown}
 r - a potion of flight {unknown}
 t - a potion of agility {unknown}
 x - a potion of mutation {unknown}
Comestibles
 c - 6 rations


   Skills:
 + Level 5.3 Fighting
 + Level 6.0 Axes
 + Level 2.4 Armour
 + Level 2.9 Dodging
 + Level 2.3 Stealth


You had 6 spell levels left.
You didn't know any spells.
Your spell library was empty.

Dungeon Overview and Level Annotations

Branches:
Dungeon (4/15)
 Temple: D:4-7

Altars:
Gozag
Kikubaaqudgha
Nemelex Xobeh
Qazlal
Xom
The Shining One


Innate Abilities, Weirdness & Mutations

You are resistant to torment.
Your stone body is resilient. (AC +4)
You are immune to poison.
You resist negative energy. (rN+)
You are resistant to electric shocks. (rElec)
You can survive without breathing.
You are immune to petrification.
You are immune to rotting.


Message History

The bullfrog closely misses you.
You slash the bullfrog!
The bullfrog is severely wounded.
The bullfrog hits you but does no damage.
Your unstable footing causes you to fumble your attack.
The bullfrog hits you but does no damage.
You closely miss the bullfrog.
The bullfrog is severely wounded.
The bullfrog hits you.
* * * LOW HITPOINT WARNING * * *
You barely miss the bullfrog.
The bullfrog is severely wounded.
You are no longer berserk.
You are exhausted.
You feel yourself slow down. The bullfrog barely misses you.
You barely miss the bullfrog.
The bullfrog is severely wounded.
The bullfrog hits you but does no damage.
The bullfrog hits you.
You die...

#.# ≈≈≈≈≈≈≈≈≈≈.≈≈≈.# #.#
#.# ≈≈≈≈≈.≈≈≈≈≈.≈≈≈.#
#∩# #.#
≈≈≈≈.(≈≈≈≈≈≈≈≈≈.# #.#
#.# ≈≈≈≈.?%?.≈≈≈≈≈≈≈.#
#∩# #.#
#≈≈≈≈≈.$≈≈≈≈≈≈≈≈≈.# #.#
#.# #≈≈≈≈≈..≈≈≈≈≈≈≈≈≈.#
### #.#
#≈≈≈≈≈..≈≈.≈≈≈≈≈≈.# #≈#
#≈≈≈.≈..≈.≈≈≈≈≈≈.# #.#
#≈≈∩.≈≈≈@≈≈≈≈≈≈≈.# #≈#
#≈≈≈≈≈≈≈F≈≈≈≈≈≈≈.# #≈#
#≈≈≈≈≈≈≈≈≈≈≈≈≈≈.# #≈#
#≈≈≈≈≈≈≈≈≈≈≈≈≈≈.# #≈#
##≈≈≈≈≈≈≈≈≈.≈≈≈.#
#≈########≈≈≈≈≈≈≈≈.≈≈≈.#
#≈.≈≈.≈≈≈≈≈≈≈≈≈≈..≈≈≈≈.#
#≈≈≈≈≈≈≈≈≈≈≈≈≈≈≈≈≈≈≈≈≈.#
#.≈≈≈≈≈≈≈≈≈≈≈≈≈≈≈≈≈≈≈≈.#


You could see a bullfrog.

Vanquished Creatures
  Sigmund (D:2)
  An ogre (D:4)
  A bullfrog (Sewer)
  An orc wizard (D:4)
  Jessica (D:2)
  Natasha (thrice) (D:2)
  A worker ant (D:4)
  A howler monkey skeleton (D:4)
  11 adders
  An adder skeleton (D:3)
  3 worms
  2 dart slugs
  2 leopard geckos
  12 orcs
  9 giant cockroaches
  6 goblins
  5 hobgoblins
  A quokka (D:2)
  2 ball pythons (Sewer)
  6 bats
  12 frilled lizards
  3 kobolds
  15 rats
100 creatures vanquished.

Notes
Turn   | Place    | Note
-------+----------+-------------------------------------------
     0 | D:1      | Fang the Gargoyle Berserker began the quest for the Orb.
     0 | D:1      | Reached XP level 1. HP: 14/14 MP: 1/1
   569 | D:1      | Reached skill level 3 in Axes
   569 | D:1      | Reached XP level 2. HP: 18/19 MP: 2/2
  1210 | D:2      | Reached XP level 3. HP: 23/24 MP: 2/3
  1469 | D:2      | Noticed Jessica
  1474 | D:2      | Killed Jessica
  1474 | D:2      | Reached skill level 1 in Stealth
  1474 | D:2      | Reached XP level 4. HP: 29/29 MP: 4/4
  1556 | D:2      | Found a stormy altar of Qazlal.
  1556 | D:2      | Noticed Natasha
  1566 | D:2      | Killed Natasha
  1566 | D:2      | Reached ** piety under Trog
  1647 | D:2      | Noticed Sigmund
  1661 | D:2      | Killed Sigmund
  1661 | D:2      | Reached skill level 4 in Axes
  1661 | D:2      | Reached XP level 5. HP: 34/34 MP: 5/5
  1661 | D:2      | Reached XP level 6. HP: 39/39 MP: 6/6
  1906 | D:2      | Noticed Natasha
  1919 | D:2      | Killed Natasha
  2211 | D:2      | Found a glowing golden altar of the Shining One.
  2332 | D:2      | Noticed Natasha
  2347 | D:2      | Killed Natasha
  2403 | D:3      | Reached skill level 5 in Axes
  2836 | D:3      | Found an opulent altar of Gozag.
  2836 | D:3      | Found a sparkling altar of Nemelex Xobeh.
  2870 | D:3      | Found an ancient bone altar of Kikubaaqudgha.
  3205 | D:4      | Reached skill level 5 in Fighting
  3205 | D:4      | Reached XP level 7. HP: 9/44 MP: 7/7
  3474 | D:4      | Reached *** piety under Trog
  3484 | D:4      | Found a shimmering altar of Xom.
  3499 | D:4      | Found a glowing drain.
  3526 | Sewer    | Entered a sewer
  3801 | Sewer    | Reached skill level 6 in Axes
  3806 | Sewer    | HP: 1/66 [bullfrog (5)]
  3808 | Sewer    | Slain by a bullfrog

Skill      XL: |  1  2  3  4  5  6  7 |
---------------+----------------------+-----
Axes           | 3 4 5 6 |  6.0
Stealth        | 1 2 |  2.3
Fighting       | 4 5 |  5.3
Dodging        | 2 |  2.9
Armour         | |  2.4

Action                   |  1- 3 |  4- 6 |  7- 9 || total
-------------------------+-------+-------+-------++-------
Melee: Hand axe          |    80 |   184 |    92 ||   356
Invok: Berserk           |     1 |     5 |     1 ||     7
  Use: Scroll            |       |     9 |       ||     9
 Stab: Sleeping          |     2 |     1 |       ||     3
  Eat: Chunk             |     3 |     9 |       ||    12
       Ration            |       |       |     1 ||     1
Armor: Animal skin       |    23 |    60 |    48 ||   131
Dodge: Dodged            |    61 |   130 |    80 ||   271
